 Dungeon Crawl Stone Soup version 0.31-a0-986-g5e6e4ef867 (webtiles) character file.

Game seed: 13652053674656416159

98 greenreed the Shield-Bearer (level 5, -1/42 HPs)
             Began as a Formicid Fighter on Nov 22, 2023.
             Succumbed to Robin's poison
             ... on level 3 of the Dungeon.
             The game lasted 00:02:54 (1480 turns).

greenreed the Shield-Bearer (Formicid Fighter)      Turns: 1480, Time: 00:02:54

Health: -1/42      AC:  7    Str: 23    XL:     5   Next: 1%
Magic:  5/5        EV:  9    Int:  7    God:
Gold:   62         SH:  5    Dex: 13    Spells: 4/4 levels left

rFire   . . .        a - +0 trident
rCold   . . .        c - +0 buckler
rNeg    . . .        b - +0 scale mail
rPois   .            (helmet unavailable)
rElec   .            (no cloak)
rCorr   .            (no gloves)
SInv    +            (no boots)
Will    .....        (no amulet) Stlth
                     (no ring)
HPRegen 0.27/turn    (no ring)
MPRegen 0.09/turn

%: no passive effects
@: lethally poisoned (-1 -> -6)
A: permanent stasis, dig shafts and tunnels, antennae 3, four strong arms
a: Dig, Shaft Self


You were on level 3 of the Dungeon.
You visited 1 branch of the dungeon, and saw 3 of its levels.

You collected 62 gold pieces.

Inventory:

Hand Weapons
 a - a +0 trident (weapon)
Armour
 b - a +0 scale mail (worn)
 c - a +0 buckler (worn)
Jewellery
 f - a ring of flight
Scrolls
 g - 4 scrolls of fear {unknown}
 j - a scroll of teleportation {unknown}
Potions
 d - a potion of might
 e - a potion of curing {unknown}
 h - 2 potions of degeneration {unknown}
 i - 2 potions of heal wounds {unknown}


   Skills:
 * Level 4.2 Fighting
 * Level 3.1 Polearms
 + Level 3.8 Armour
 + Level 4.6 Shields


You had 4 spell levels left.
You didn't know any spells.
Your spell library contained the following spells:

 Spells                   Type           Power      Damage    Failure   Level
 Apportation              Tloc           0%         N/A       80%         1
 Necrotise                Necr           0%         1d4       80%         1
 Summon Small Mammal      Summ           0%         N/A       80%         1
 Inner Flame              Hex/Fire       0%         N/A       99%         3
 Summon Guardian Golem    Hex/Summ       0%         N/A       99%         3
 Yara's Violent Unravell  Hex/Tmut       0%         3d3       100%        5
 Enfeeble                 Hex            0%         N/A       100%        7


Dungeon Overview and Level Annotations

Branches:
Dungeon (3/15)

Altars:
Dithmenos

Annotations:
D:3 Robin


Innate Abilities, Weirdness & Mutations

You cannot be hasted, slowed, berserked, paralysed or teleported.
You can dig through walls and to a lower floor.
You have a pair of large antennae on your head. (SInv)
Your four strong arms can wield two-handed weapons with a shield.


Message History

The goblin hits you with a +0 club.
You hit the hobgoblin.
The hobgoblin is heavily wounded.
The hobgoblin hits you but does no damage.
The goblin hits you with a +0 club.
Robin roars a battlecry!
The hobgoblin goes into a battle-frenzy!
You hit the goblin.
You kill the goblin!
The hobgoblin closely misses you.
You have reached level 5!
You puncture the hobgoblin!
You kill the hobgoblin!
You are too injured to fight recklessly!
You barely miss Robin.
Robin hits you with a +1 dagger of venom.
You are poisoned.
You closely miss Robin.
You feel sick. Robin barely misses you.
You closely miss Robin.
You feel sick. Robin hits you but does no damage.
You are lethally poisoned!
You hit Robin.
Robin is lightly wounded.
* * * LOW HITPOINT WARNING * * *
You feel very sick. Robin barely misses you.
Robin hits you with a +1 dagger of venom.
* * * LOW HITPOINT WARNING * * *
You hit Robin.
Robin is heavily wounded.
* * * LOW HITPOINT WARNING * * *
You feel sick. Robin barely misses you.
You barely miss Robin.
Robin is heavily wounded.
* * * LOW HITPOINT WARNING * * *
You feel very sick. Robin closely misses you.
Unknown command.
You hit Robin but do no damage.
Robin is heavily wounded.
You die...

############
#..........#
#)########.#### #@#
#....# ########g#
####.####
#...g....# #.....
####.g......#
######
#.....g#..#.###
#...g.###.....#
#.##..###..##..# {
#. ##..#..## ..#
###..##.gg).##...##
##


You could see Robin.

Vanquished Creatures
  3 adders (D:2)
  2 dart slugs
  A worm (D:1)
  8 bats
  5 endoplasms
  15 goblins
  5 hobgoblins
  3 quokkas (D:1)
  3 ball pythons
  2 frilled lizards (D:2)
  8 kobolds
  5 rats
60 creatures vanquished.

Notes
Turn   | Place    | Note
-------+----------+-------------------------------------------
     0 | D:1      | greenreed the Formicid Fighter began the quest for the Orb.
     0 | D:1      | Reached XP level 1. HP: 18/18 MP: 1/1
    39 | D:1      | Reached XP level 2. HP: 14/24 MP: 2/2
   270 | D:1      | Got Sif Muna's Grimoire of Jinxing
   315 | D:1      | Reached XP level 3. HP: 30/30 MP: 3/3
   691 | D:2      | Reached XP level 4. HP: 37/37 MP: 4/4
  1402 | D:3      | Found a shadowy altar of Dithmenos.
  1428 | D:3      | Noticed Robin
  1473 | D:3      | Reached XP level 5. HP: 15/42 MP: 5/5
  1479 | D:3      | HP: 1/42 [poisoned by Robin]
  1480 | D:3      | Succumbed to Robin's poison

Illustrated notes

Levels and vault maps discovered:
D:1:      eino_arrival_water_star, layout_rooms
D:2:      layout_basic, chequers_serial_rivers_micro_d
D:3:      layout_loops_cross, nicolae_dithmenos_shadow_blocks,
          wander_ebering_terrifying_dragon_lair, uniq_robin

Skill      XL: |  1  2  3  4 |
---------------+-------------+-----
Fighting       | 4 |  4.2
Polearms       | 3 |  3.1
Armour         | |  3.8
Shields        | |  4.6

Action                     |  1- 3 |  4- 6 || total
---------------------------+-------+-------++-------
  Melee: Trident           |   100 |   110 ||   210
 Armour: Scale mail        |    71 |    85 ||   156
  Dodge: Dodged            |    60 |    49 ||   109
  Block: Buckler           |    20 |    30 ||    50

Table legend: (Time is in decaauts)
 A = Elapsed time spent in this place.
 B = Non-inter-level travel time spent in this place.
 C = Inter-level travel time spent in this place.
 D = Time resting spent in this place.
 E = Time spent auto-exploring this place.
 F = Levels seen in this place.
 G = Mean time per level.
                   A        B        C        D        E       F      G
               +--------+--------+--------+--------+--------+-----+--------+
         Total |   1520 |   1469 |     51 |     74 |   1009 |   3 |  506.7 |
       Dungeon |   1520 |   1469 |     51 |     74 |   1009 |   3 |  506.7 |
               +--------+--------+--------+--------+--------+-----+--------+

Top non-repeatable levels by time:
     D:2: 742 daAuts
     D:1: 584 daAuts
     D:3: 193 daAuts
